Map: Blueshift LE

Players

Zest

  • Race: Protoss Protoss
  • Spawn Location: 1:00

Serral - Winner!

  • Race: Zerg Zerg
  • Spawn Location: 7:00

Event: 2018 WCS Global Finals

VOD

Have the link to the VOD?

Description

Time

  • Played on: Oct. 26, 2018, 4:50 p.m.
  • Length: 7:40

All games in this series

Show
View Real Time Build Order
Export as new Build Order

Zest Protoss 

Build Orders: 1 Gate Expand, Phoenix Opening, Zealot Archon 

Get SALT Encoding   

  12  0:00  Probe  
  13  0:12  Probe  
  14  0:17  Pylon  
  14  0:24  Probe  
  15  0:32  Probe  
  15  0:37  Gateway  
  15  0:40  Probe  
  16  0:46  Assimilator  
  17  0:51  Probe  
  18  1:03  Probe  
  19  1:15  Probe  
  20  1:24  Nexus  
  20  1:34  Cybernetics Core  
  20  1:37  Probe  
  21  1:43  Assimilator  
  21  1:49  Probe  
  21  1:51  Pylon  
  23  2:01  Adept, Probe  
  23  2:13  Stargate, Probe  
  26  2:20  Warp Gate  
  26  2:25  Probe  
  26  2:27  Adept  
  29  2:32  Probe  
  30  2:37  Probe  
  30  2:40  Probe  
  31  2:49  Phoenix, Probe  
  31  2:51  Probe  
  36  3:01  Probe  
  36  3:03  Probe  
  38  3:07  Pylon  
  38  3:09  Phoenix  
  38  3:14  Probe  
  38  3:15  Probe  
  42  3:26  Phoenix, Probe  
  43  3:27  Probe, Gateway  
  43  3:28  Gateway  
  44  3:39  Probe x2  
  48  3:42  Pylon  
  48  3:48  Assimilator  
  48  3:50  Phoenix  
  48  3:51  Probe  
  48  3:52  Assimilator  
  51  3:58  Probe  
  52  4:03  Probe  
  52  4:07  Phoenix  
  53  4:10  Probe  
  53  4:13  Pylon  
  53  4:15  Probe  
  57  4:23  Probe  
  58  4:26  Twilight Council  
  58  4:27  Forge, Probe  
  59  4:35  Probe  
  60  4:48  Protoss Ground Weapons Level 1  
  60  4:49  Probe x2  
  62  4:57  Adept x3  
  68  5:00  Pylon  
  68  5:08  Charge  
  68  5:14  Probe  
  68  5:19  Zealot x3  
  75  5:26  Probe  
  75  5:27  Probe  
  77  5:33  Nexus  
  77  5:35  Pylon  
  77  5:41  Zealot  
  77  5:45  Pylon  
  77  5:55  Zealot, Gateway  
  77  5:56  Sentry, Gateway  
  80  5:58  Gateway  
  80  5:59  Gateway  
  80  6:00  Gateway  
  80  6:04  Probe x2  
  80  6:05  Robotics Facility  
  80  6:14  Templar Archives  
  80  6:16  Probe x2  
  82  6:28  Probe x2  
  82  6:30  Pylon  
  82  6:32  Assimilator, Sentry x2  
  86  6:33  Zealot  
  86  6:35  Assimilator  
  84  6:55  Zealot x2  
  84  6:57  Zealot x5  
  84  6:58  Immortal  
  92  7:07  Zealot x3  
  68  7:20  High Templar x4  
  68  7:21  High Templar  
  75  7:24  Archon  
  75  7:25  Pylon, Archon  
  75  7:28  High Templar  
  75  7:29  Zealot  
  76  7:30  Zealot  
Show
View Real Time Build Order
Export as new Build Order

Serral Zerg - Winner!

Build Orders: Hatch First 

Get SALT Encoding   

  12  0:00  Drone  
  13  0:12  Overlord  
  13  0:17  Drone  
  14  0:30  Drone x2  
  16  0:48  Hatchery  
  15  0:50  Drone  
  15  0:54  Drone  
  17  0:57  Drone  
  18  1:07  Extractor  
  17  1:12  Spawning Pool  
  17  1:15  Drone  
  17  1:19  Drone  
  18  1:28  Drone  
  19  1:38  Drone  
  20  1:49  Overlord  
  20  1:59  Queen  
  20  2:00  Zergling x4, Queen  
  26  2:07  Metabolic Boost  
  26  2:11  Drone x2  
  28  2:21  Drone x2  
  30  2:32  Drone  
  30  2:36  Hatchery  
  30  2:42  Overlord  
  30  2:50  Queen  
  32  2:53  Drone x2  
  32  2:55  Drone  
  32  2:57  Drone  
  36  3:04  Overlord  
  36  3:05  Drone  
  36  3:08  Drone x2  
  36  3:12  Drone  
  39  3:14  Drone  
  39  3:15  Drone  
  39  3:18  Drone  
  42  3:24  Zergling x4  
  44  3:27  Queen  
  44  3:30  Overlord  
  46  3:46  Spore Crawler  
  46  3:48  Drone x7  
  52  3:50  Queen  
  54  3:56  Spore Crawler  
  54  3:58  Overlord  
  54  3:59  Drone  
  54  4:02  Drone x2  
  56  4:05  Drone x2  
  56  4:08  Drone  
  58  4:17  Extractor, Roach Warren  
  58  4:18  Extractor  
  58  4:19  Lair  
  58  4:22  Drone x2  
  58  4:23  Drone  
  58  4:24  Drone  
  58  4:28  Drone x2  
  61  4:37  Overlord  
  61  4:40  Overlord  
  60  4:50  Overlord  
  58  4:56  Spore Crawler, Overlord  
  58  4:58  Zergling x18  
  66  5:05  Drone x3  
  66  5:08  Drone x2  
  66  5:10  Drone x3  
  69  5:15  Overlord  
  69  5:17  Drone x2  
  69  5:21  Overlord  
  70  5:23  Glial Reconstitution  
  70  5:26  Roach x2  
  73  5:29  Roach  
  73  5:32  Roach x2  
  77  5:36  Overlord  
  77  5:40  Roach x2  
  81  5:45  Roach  
  81  5:49  Roach  
  85  5:55  Roach x5  
  95  5:58  Overlord  
  95  6:02  Overlord  
  95  6:04  Overlord  
  95  6:13  Overlord  
  95  6:15  Overlord  
  95  6:20  Extractor, Roach x5  
  104  6:28  Roach  
  104  6:29  Roach x4  
  104  6:31  Overlord  
  114  6:33  Roach x4  
  120  6:40  Roach x3  
  125  6:53  Roach x3  
  128  7:00  Roach x5  
  134  7:05  Roach  
  127  7:09  Roach  
  127  7:14  Roach x2  
  123  7:22  Ravager  
Tags
 
Add a new tag
Caveats
  • Supply blocks, unpowered buildings, or Contaminate may cause inaccurate times.
  • Supply counts are checked every 10 seconds.